 Dungeon Crawl Stone Soup version 0.22-a0-580-gd5db89c (webtiles) character file.

19 sking99 the Chucker (level 2, -2/31 HPs)
             Began as an Ogre Hunter on July 2, 2018.
             Slain by a worm (6 damage)
             ... on level 2 of the Dungeon.
             The game lasted 00:03:32 (1837 turns).

sking99 the Chucker (Ogre Hunter)                   Turns: 1837, Time: 00:03:32

Health: -2/31      AC:  3    Str: 15    XL:     2   Next: 75%
Magic:  2/2        EV: 10    Int: 12    God:
Gold:   60         SH:  0    Dex:  9    Spells: 1/1 levels left

rFire    . . .     SeeInvis .   h - +0 whip
rCold    . . .     Gourm    .   (no shield)
rNeg     . . .     Faith    .   b - +0 robe
rPois    .         Spirit   .   (helmet restricted)
rElec    .         Reflect  .   (no cloak)
rCorr    .         Harm     .   (gloves unavailable)
MR       .....                  (boots unavailable)
Stlth    +.........             (no amulet)
HPRegen  0.10/turn              (no ring)
MPRegen  0.08/turn              (no ring)

@: no status effects
A: large, unfitting armour, tough skin 1
a: no special abilities


You were on level 2 of the Dungeon.
You were hungry.

You visited 1 branch of the dungeon, and saw 2 of its levels.

You collected 60 gold pieces.

Inventory:

Hand Weapons
 h - a +0 whip (weapon)
Missiles
 d - a throwing net (quivered)
 k - 88 stones
Armour
 b - a +0 robe (worn)
Jewellery
 a - an uncursed amulet of the gourmand {unknown}
 i - a cursed -3 ring of protection {unknown}
Scrolls
 e - 2 scrolls of blinking {unknown}
 g - a scroll of teleportation {unknown}
 j - 2 scrolls of noise {unknown}
 l - a scroll of amnesia {unknown}
Comestibles
 f - 2 rations


   Skills:
 + Level 3.2 Fighting
 * Level 1.4 Maces & Flails
 - Level 4.1 Throwing
 - Level 1.7 Dodging
 - Level 0.6 Stealth


You had one spell level left.
You didn't know any spells.
Your spell library was empty.

Dungeon Overview and Level Annotations

Branches:
Dungeon (2/15)

Altars:


Innate Abilities, Weirdness & Mutations

You are too large for most types of armour.
You have tough skin. (AC +1)


Message History

The net rips apart, and the worm comes free!
You hit the worm.
The worm is almost dead.
The worm bites you!
You hit the worm.
The worm is almost dead.
You barely miss the worm.
The worm is almost dead.
The worm bites you.
* * * LOW HITPOINT WARNING * * *
You hit the worm but do no damage.
The worm is almost dead.
You hit the worm but do no damage.
The worm is almost dead.
The worm bites you.
* * * LOW HITPOINT WARNING * * *
You hit the worm.
The worm is almost dead.
The worm bites you.
You die...

#........).#
#.########.# #######
#.# #.# #.. .. #.#
#.# #.# #
#.########.###.# #
#....<....#....#####
#..#######.#..w.....
#..## #.#.###....
##..@######(#.#
#.###
#....w(...((#.# #.#
##...########.# #.#
##.## #.. ... #.#
### #.# #.# #.#
#.#########
#.........#.#
###..<......#


You could see a worm.

Vanquished Creatures
  A worm (D:2)
  A dart slug (D:1)
  2 goblins (D:1)
  A ball python (D:1)
  6 bats (D:1)
  2 kobolds (D:1)
  4 rats (D:1)
17 creatures vanquished.

Notes
Turn   | Place    | Note
-------+----------+-------------------------------------------
     0 | D:1      | sking99 the Ogre Hunter began the quest for the Orb.
     0 | D:1      | Reached XP level 1. HP: 22/22 MP: 1/1
   566 | D:1      | Reached XP level 2. HP: 22/29 MP: 2/2
   787 | D:1      | Reached skill level 1 in Maces & Flails
  1837 | D:2      | Slain by a worm

Vault maps used:
D:1:      dpeg_arrival_shrine
D:2:      minitemple, xom_redecorated

Skill      XL: |  1  2 |
---------------+-------+-----
Fighting       | 3 |  3.2
Maces & Flails | 1 |  1.4
Throwing       | |  4.1
Dodging        | |  1.7
Stealth        | |  0.6

Action                   || total
-------------------------++-------
Melee: Whip              ||    82
       Short sword       ||     9
Throw: Stone             ||    33
       Large rock        ||     7
       Throwing net      ||     1
 Stab: Held in net/web   ||     2
       Sleeping          ||     1
  Eat: Chunk             ||     2
Armor: Robe              ||    55
Dodge: Dodged            ||    69

Table legend:
 A = Spawn XP
 B = Non-spawn XP
 C = Spawn XP percentage of total XP
 D = Spawn monster count
 E = Non-spawn monster count
 F = Spawn count percentage of total count
 G = Total turns spent on level
                    A         B        C        D         E        F      G
               +---------+---------+-------+---------+---------+-------+---------
         Total |       0 |      28 |   0.0 |       0 |      17 |   0.0 |  1837
               +---------+---------+-------+---------+---------+-------+---------
           D:1 |       0 |      23 |   0.0 |       0 |      16 |   0.0 |  1438
           D:2 |       0 |       5 |   0.0 |       0 |       1 |   0.0 |   399
               +---------+---------+-------+---------+---------+-------+---------
